Maple Leafs vs Flames
(R1)
Created - December 26, 2023 at 23:21
Goals
|
Maple Leafs |
1 |
1 |
1 |
3 |
Flames |
1 |
0 |
0 |
1 |
|
Shots
|
Maple Leafs |
9 |
8 |
11 |
28 |
Flames |
15 |
8 |
9 |
32 |
|
1st period
1. Flames , Patrik Berglund 17 (Jimmy Hayes 23, Brad Marchand 14) at 9:58
2. Maple Leafs , Bo Horvat 14 (Andre Burakovsky 23, Jason Zucker 14) at 14:18 (PP)
Penalties :
Luke Schenn (TOR) for Hooking (Minor) at 0:22, Ben Smith (TOR) for Hooking (Minor) at 11:03, Colby Robak (Cal) for Tripping (Minor) at 14:06
2nd period
3. Maple Leafs , Aleksander Barkov 6 (John Klingberg 10, Pontus Aberg 5) at 2:01
Penalties :
Brad Marchand (Cal) for Diving (Minor) at 2:21, Bo Horvat (TOR) for Roughing (Double Minor) at 9:31, Brad Marchand (Cal) for Roughing (Minor) at 16:34
3rd period
4. Maple Leafs , Jason Zucker 12 (Andre Burakovsky 24) at 13:44
Penalties :
Luke Schenn (TOR) for Hooking (Minor) at 1:07, Andre Burakovsky (TOR) for Hooking (Minor) at 5:33, Zach Werenski (TOR) for Hooking (Minor) at 11:05, David Savard (Cal) for Holding (Minor) at 18:45
Goalie Stats
Kristers Gudlevskis (TOR), 31 saves from 32 shots - (0.969), W, 13-4-3, 60:00 minutes
Henrik Lundqvist (Cal), 25 saves from 28 shots - (0.893), L, 6-5-1, 60:00 minutes
Players Stats for Maple Leafs
Player Name G A P +/- PIM S H SB GA TA FO MP PP MP PK MP
------------------------------------------------------------------------------------
Aleksander Barkov 1 0 1 1 0 3 1 1 1 0 11/20 18:12 2:06 7:20
Andre Burakovsky 0 2 2 1 2 5 2 0 0 1 1/1 18:14 3:18 0:00
Ben Smith 0 0 0 -1 2 1 0 0 0 2 0/1 19:39 2:06 6:21
Bo Horvat 1 0 1 1 4 2 0 0 0 0 11/28 21:23 3:18 3:14
Brandon Saad 0 0 0 1 0 0 1 0 0 0 1/1 11:49 0:00 3:01
Brenden Dillon 0 0 0 0 0 1 1 1 0 1 0/0 14:56 0:00 5:33
Elias Pettersson 0 0 0 -1 0 1 0 0 1 0 1/11 12:20 0:00 1:41
Evander Kane 0 0 0 -1 0 0 1 0 0 0 1/1 13:58 2:06 1:03
Haydn Fleury 0 0 0 0 0 2 1 2 0 1 0/0 10:07 0:00 0:44
Jason Zucker 1 1 2 1 0 5 0 0 1 0 1/4 18:08 3:18 0:00
John Klingberg 0 1 1 1 0 1 2 0 2 1 0/0 27:37 3:33 7:50
Jon Merrill 0 0 0 0 0 0 2 2 1 0 0/0 26:47 1:51 7:37
Luke Schenn 0 0 0 1 4 0 1 0 0 0 0/0 18:28 1:51 3:34
Nicholas Baptiste 0 0 0 0 0 2 0 0 0 0 0/0 6:19 0:00 0:00
Patrice Cormier 0 0 0 0 0 0 1 1 0 0 1/1 6:58 0:00 0:39
Pontus Aberg 0 1 1 1 0 1 0 0 1 0 0/0 8:12 0:00 0:00
Tye McGinn 0 0 0 0 0 0 0 0 0 0 0/0 10:49 0:00 4:29
Zach Werenski 0 0 0 0 2 4 3 1 1 0 0/0 22:04 3:33 2:30
Players Stats for Flames
Player Name G A P +/- PIM S H SB GA TA FO MP PP MP PK MP
------------------------------------------------------------------------------------
Anders Lee 0 0 0 0 0 1 0 0 0 0 0/5 9:01 1:02 0:51
Brad Marchand 0 1 1 -2 4 2 3 0 1 0 1/1 17:41 1:02 0:59
Bryan Rust 0 0 0 -2 0 2 4 1 2 0 1/1 19:24 1:02 2:44
Christian Folin 0 0 0 0 0 1 0 1 0 0 0/0 21:18 5:31 2:12
Colby Robak 0 0 0 0 2 0 0 0 0 3 0/0 11:33 0:00 2:12
Colin Wilson 0 0 0 0 0 2 0 0 0 0 1/2 7:56 0:00 0:00
David Savard 0 0 0 0 2 0 0 0 0 0 0/0 9:00 0:00 0:00
David Ullstrom 0 0 0 0 0 1 0 0 0 0 0/0 8:22 0:00 1:44
Eric Staal 0 0 0 -2 0 13 3 0 0 0 21/34 22:57 7:20 0:27
Erik Johnson 0 0 0 -1 0 0 0 3 2 0 0/0 29:41 8:23 3:12
Esa Lindell 0 0 0 0 0 1 0 2 0 3 0/0 18:45 5:31 0:00
Jake DeBrusk 0 0 0 0 0 0 4 0 0 0 0/1 14:27 5:32 0:22
Jimmy Hayes 0 1 1 1 0 1 2 0 0 0 1/1 17:13 7:20 0:00
Kevin Labanc 0 0 0 0 0 1 0 1 0 0 0/0 14:05 5:32 0:00
Kyle Palmieri 0 0 0 0 0 0 0 0 0 0 1/1 6:34 0:00 0:00
Patrik Berglund 1 0 1 1 0 1 1 0 0 1 12/18 19:41 5:32 3:41
Sami Vatanen 0 0 0 -1 0 4 0 2 1 1 0/0 29:41 8:23 3:12
Tanner Pearson 0 0 0 1 0 2 3 1 0 0 2/4 17:13 7:20 0:00
3 Stars
1 - Kristers Gudlevskis (TOR)
2 - Jason Zucker (TOR)
3 - Aleksander Barkov (TOR)
Power Play
Maple Leafs - 1 on 4 Attempt(s) - 25.00%
Flames - 0 on 7 Attempt(s) - 0.00%
Penalty Kill
Maple Leafs - 7 on 7 Attempt(s) - 100.00%
- Score 0 goal in Penalty Kill
Flames - 3 on 4 Attempt(s) - 75.00%
- Score 0 goal in Penalty Kill
Team Stat
Maple Leafs - Hits : 16 - Faceoff Wins : 28 - Blocked Shots : 8 - Penalty Minutes : 14
Flames - Hits : 20 - Faceoff Wins : 40 - Blocked Shots : 11 - Penalty Minutes : 8
Official
Referees : Michael Markovic and Kevin Pollock
Linesman : Trent Knorr and Bevan Mills
Game Notes
No Game Note
Finance
Level 1 -- Attendance: 6000 (100.00%) -- Ticket Income $600,000
Level 2 -- Attendance: 4969 (99.38%) -- Ticket Income $298,140
Level 3 -- Attendance: 2000 (100.00%) -- Ticket Income $70,000
Level 4 -- Attendance: 3904 (97.60%) -- Ticket Income $97,600
Luxury Box -- Attendance: 1000 (100.00%) -- Ticket Income $200,000
Game was played at the Scotiabank Saddledome.
Total Attendance: 17873 (99.29%)
Total Ticket Income: $1,265,740
Other Income: $189,861
Total Income: $1,455,601
Maple Leafs
5 vs 5 Forward
Center Left Wing Right Wing Time % Phy DF OF
1 Bo Horvat Jason Zucker Andre Burakovsky 40 1 1 3
2 Elias Pettersson Evander Kane Ben Smith 30 1 2 2
3 Aleksander Barkov Brandon Saad Pontus Aberg 20 1 2 2
4 Patrice Cormier Tye McGinn Nicholas Baptiste 10 1 2 2
5 vs 5 Defense
Defense Defense Time % Phy DF OF
1 Jon Merrill Zach Werenski 40 1 3 1
2 Luke Schenn John Klingberg 30 1 3 1
3 Brenden Dillon Haydn Fleury 20 1 3 1
4 Jon Merrill John Klingberg 10 1 3 1
PowerPlay Forward
Center Left Wing Right Wing Time % Phy DF OF
1 Bo Horvat Jason Zucker Andre Burakovsky 60 0 1 4
2 Aleksander Barkov Evander Kane Ben Smith 40 0 1 4
PowerPlay Defense
Defense Defense Time % Phy DF OF
1 John Klingberg Zach Werenski 60 0 2 3
2 Jon Merrill Luke Schenn 40 0 2 3
Penalty Kill 4 Players Forward
Center Wing Time % Phy DF OF
1 Aleksander Barkov Ben Smith 60 1 3 1
2 Bo Horvat Tye McGinn 40 1 3 1
Penalty Kill 4 Players Defense
Defense Defense Time % Phy DF OF
1 Jon Merrill John Klingberg 60 1 4 0
2 Luke Schenn Brenden Dillon 40 1 4 0
Penalty Kill - 3 Players Forward
Forward Time % Phy DF OF
1 Aleksander Barkov 60 1 3 1
2 Bo Horvat 40 1 3 1
Penalty Kill - 3 Players Defense
Defense Defense Time % Phy DF OF
1 Jon Merrill John Klingberg 60 1 4 0
2 Luke Schenn Brenden Dillon 40 1 4 0
4 vs 4 Forward
Center Wing Time % Phy DF OF
1 Aleksander Barkov Ben Smith 60 1 2 2
2 Bo Horvat Tye McGinn 40 1 2 2
4 vs 4 Defense
Defense Defense Time % Phy DF OF
1 Jon Merrill John Klingberg 60 1 3 1
2 Luke Schenn Brenden Dillon 40 1 3 1
Last Minutes Offensive
Center Left Wing Right Wing Defense Defense
Bo Horvat Jason Zucker Andre Burakovsky John Klingberg Zach Werenski
Last Minutes Defensive
Center Left Wing Right Wing Defense Defense
Aleksander Barkov Evander Kane Ben Smith Jon Merrill Haydn Fleury
Goaltenders
Starting : Kristers Gudlevskis
Backup : Pavel Francouz
Extra Forwards
Normal : Elias Pettersson, Ben Smith, Andre Burakovsky - PP : Elias Pettersson, Jason Zucker - PK : Brandon Saad
Extra Defensemen
Normal : Zach Werenski, Brenden Dillon, Luke Schenn - PP : Brenden Dillon - PK : Zach Werenski, Haydn Fleury
Penalty Shots
Andre Burakovsky, Elias Pettersson, Evander Kane, John Klingberg, Aleksander Barkov
Custom OT Lines Forwards
Aleksander Barkov, Bo Horvat, Evander Kane, Andre Burakovsky, Elias Pettersson, Jason Zucker, Ben Smith, Nicholas Baptiste, Tye McGinn, Brandon Saad
Custom OT Lines Defensemen
Jon Merrill, John Klingberg, Zach Werenski, Luke Schenn, Brenden Dillon
Scratches
Brett Pesce (Healthy), Valentin Zykov (Healthy)
Flames
5 vs 5 Forward
Center Left Wing Right Wing Time % Phy DF OF
1 Eric Staal Brad Marchand Bryan Rust 40 1 2 2
2 Patrik Berglund Tanner Pearson Jimmy Hayes 30 1 2 2
3 Colin Wilson Jake DeBrusk Kevin Labanc 20 1 2 2
4 Anders Lee David Ullstrom Kyle Palmieri 10 1 2 2
5 vs 5 Defense
Defense Defense Time % Phy DF OF
1 Erik Johnson Sami Vatanen 40 1 2 2
2 Esa Lindell Christian Folin 30 1 2 2
3 Colby Robak David Savard 20 1 2 2
4 Erik Johnson Sami Vatanen 10 1 2 2
PowerPlay Forward
Center Left Wing Right Wing Time % Phy DF OF
1 Eric Staal Tanner Pearson Jimmy Hayes 60 1 1 3
2 Patrik Berglund Jake DeBrusk Kevin Labanc 40 1 1 3
PowerPlay Defense
Defense Defense Time % Phy DF OF
1 Erik Johnson Sami Vatanen 60 1 1 3
2 Esa Lindell Christian Folin 40 1 1 3
Penalty Kill 4 Players Forward
Center Wing Time % Phy DF OF
1 Patrik Berglund Brad Marchand 60 1 2 2
2 Eric Staal Bryan Rust 40 1 2 2
Penalty Kill 4 Players Defense
Defense Defense Time % Phy DF OF
1 Erik Johnson Sami Vatanen 60 1 2 2
2 Colby Robak Christian Folin 40 1 2 2
Penalty Kill - 3 Players Forward
Forward Time % Phy DF OF
1 Eric Staal 60 1 2 2
2 Patrik Berglund 40 1 2 2
Penalty Kill - 3 Players Defense
Defense Defense Time % Phy DF OF
1 Erik Johnson Sami Vatanen 60 1 2 2
2 Colby Robak Christian Folin 40 1 2 2
4 vs 4 Forward
Center Wing Time % Phy DF OF
1 Eric Staal Bryan Rust 60 1 2 2
2 Patrik Berglund Brad Marchand 40 1 2 2
4 vs 4 Defense
Defense Defense Time % Phy DF OF
1 Erik Johnson Sami Vatanen 60 1 2 2
2 Esa Lindell Christian Folin 40 1 2 2
Last Minutes Offensive
Center Left Wing Right Wing Defense Defense
Eric Staal Brad Marchand Bryan Rust Erik Johnson Sami Vatanen
Last Minutes Defensive
Center Left Wing Right Wing Defense Defense
Eric Staal Brad Marchand Bryan Rust Erik Johnson Sami Vatanen
Goaltenders
Starting : Henrik Lundqvist
Backup : Christopher Gibson
Extra Forwards
Normal : Tanner Pearson, Jimmy Hayes, Patrik Berglund - PP : Jake DeBrusk, Anders Lee - PK : Bryan Rust
Extra Defensemen
Normal : Colby Robak, Esa Lindell, Christian Folin - PP : Esa Lindell - PK : Christian Folin, David Savard
Penalty Shots
Eric Staal, Tanner Pearson, Jimmy Hayes, Kyle Palmieri, Patrik Berglund
Custom OT Lines Forwards
Eric Staal, Tanner Pearson, Patrik Berglund, Jimmy Hayes, Bryan Rust, Brad Marchand, Colin Wilson, Jake DeBrusk, Kevin Labanc, Kyle Palmieri
Custom OT Lines Defensemen
Erik Johnson, Sami Vatanen, Christian Folin, Esa Lindell, Colby Robak
Scratches
Chris Brown (Healthy), Mathieu Brodeur (Healthy), Matthew Nieto (Healthy), Victor Rask (Healthy)
% Time on Ice - Maple Leafs
Lines # - Real PCT - Wanted PCT - Time Play
Normal Forward
1 - 38% - 40% - 15:28
2 - 26% - 30% - 10:43
3 - 20% - 20% - 8:12
4 - 16% - 10% - 6:19
Normal Defense
1 - 43% - 40% - 17:36
2 - 31% - 30% - 12:47
3 - 23% - 20% - 9:23
4 - 2% - 10% - 0:56
PP Forward
1 - 61% - 60% - 3:18
2 - 39% - 40% - 2:06
PP Defense
1 - 66% - 60% - 3:33
2 - 34% - 40% - 1:51
PK Forward
1 - 68% - 60% - 9:25
2 - 32% - 40% - 4:29
PK Defense
1 - 60% - 60% - 8:21
2 - 40% - 40% - 5:33
PK3 Forward
1 - 0% - 60%
2 - 0% - 40%
PK3 Defense
1 - 0% - 60%
2 - 0% - 40%
44 Forward
1 - 0% - 60%
2 - 0% - 40%
44 Defense
1 - 0% - 60%
2 - 0% - 40%
Last Minute Offensive - 0:00
Last Minute Defensive - 0:00
Total
Forward - 60:00
Defense - 60:00
|
% Time on Ice - Flames
Lines # - Real PCT - Wanted PCT - Time Play
Normal Forward
1 - 39% - 40% - 15:50
2 - 25% - 30% - 10:22
3 - 19% - 20% - 7:56
4 - 16% - 10% - 6:34
Normal Defense
1 - 41% - 40% - 16:52
2 - 33% - 30% - 13:35
3 - 22% - 20% - 9:01
4 - 3% - 10% - 1:14
PP Forward
1 - 60% - 60% - 8:22
2 - 40% - 40% - 5:32
PP Defense
1 - 60% - 60% - 8:23
2 - 40% - 40% - 5:31
PK Forward
1 - 92% - 60% - 4:57
2 - 8% - 40% - 0:27
PK Defense
1 - 59% - 60% - 3:12
2 - 41% - 40% - 2:12
PK3 Forward
1 - 0% - 60%
2 - 0% - 40%
PK3 Defense
1 - 0% - 60%
2 - 0% - 40%
44 Forward
1 - 0% - 60%
2 - 0% - 40%
44 Defense
1 - 0% - 60%
2 - 0% - 40%
Last Minute Offensive - 0:00
Last Minute Defensive - 0:00
Total
Forward - 60:00
Defense - 60:00
|
Play-by-Play
1st period
0:01 of 1st period - Bo Horvat wins face-off versus Eric Staal in neutral zone.
0:06 of 1st period - Snap shot by Andre Burakovsky.
0:06 of 1st period - Deflect By Jason Zucker.
0:06 of 1st period - Shot Misses the Net.
0:06 of 1st period - Puck is out of play.
0:07 of 1st period - Eric Staal wins face-off versus Bo Horvat in Flames zone.
0:19 of 1st period - Snap shot by Brad Marchand.
0:19 of 1st period - Deflect By Eric Staal.
0:19 of 1st period - Stopped by Kristers Gudlevskis without a rebound.
0:20 of 1st period - Evander Kane wins face-off versus Patrik Berglund in Maple Leafs zone.
0:22 of 1st period - Minor Penalty to Luke Schenn for Hooking.
0:23 of 1st period - Eric Staal wins face-off versus Aleksander Barkov in Maple Leafs zone.
0:25 of 1st period - Snap shot by Eric Staal.
0:25 of 1st period - Stopped by Kristers Gudlevskis with a rebound.
1:00 of 1st period - Wrist shot by Sami Vatanen.
1:00 of 1st period - Deflect By Kevin Labanc.
1:00 of 1st period - Shot Misses the Net.
1:00 of 1st period - Puck is out of play.
1:01 of 1st period - Tanner Pearson wins face-off versus Bo Horvat in Maple Leafs zone.
1:36 of 1st period - Slapshot by Sami Vatanen.
1:36 of 1st period - Shot Misses the Net.
1:38 of 1st period - Wrist shot by Jake DeBrusk.
1:38 of 1st period - Shot Blocked by Brenden Dillon.
1:40 of 1st period - Slapshot by Sami Vatanen.
1:40 of 1st period - Shot Misses the Net.
1:42 of 1st period - Slapshot by Sami Vatanen.
1:42 of 1st period - Stopped by Kristers Gudlevskis with a rebound.
1:44 of 1st period - Slapshot by Erik Johnson.
1:44 of 1st period - Shot Misses the Net.
2:22 of 1st period - Penalty to Luke Schenn is over, Luke Schenn is back on ice.
2:32 of 1st period - Snap shot by Nicholas Baptiste.
2:32 of 1st period - Stopped by Henrik Lundqvist without a rebound.
2:33 of 1st period - Patrice Cormier wins face-off versus Anders Lee in Flames zone.
2:41 of 1st period - Off-side.
2:42 of 1st period - Patrik Berglund wins face-off versus Bo Horvat in neutral zone.
3:15 of 1st period - Slapshot by Eric Staal.
3:15 of 1st period - Shot Misses the Net.
3:50 of 1st period - Wrist shot by Kevin Labanc.
3:50 of 1st period - Stopped by Kristers Gudlevskis with a rebound.
4:10 of 1st period - Slapshot by Bo Horvat.
4:10 of 1st period - Shot Blocked by Esa Lindell.
4:12 of 1st period - Slapshot by Haydn Fleury.
4:12 of 1st period - Stopped by Henrik Lundqvist with a rebound.
4:14 of 1st period - Backhand shot by Haydn Fleury.
4:14 of 1st period - Shot Blocked by Kevin Labanc.
4:16 of 1st period - Slapshot by Brenden Dillon.
4:16 of 1st period - Stopped by Henrik Lundqvist with a rebound.
5:31 of 1st period - Slapshot by Andre Burakovsky.
5:31 of 1st period - Stopped by Henrik Lundqvist with a rebound.
5:33 of 1st period - Wrist shot by Bo Horvat.
5:33 of 1st period - Shot Misses the Net.
6:16 of 1st period - Off-side.
6:17 of 1st period - Kyle Palmieri wins face-off versus Bo Horvat in neutral zone.
6:34 of 1st period - Snap shot by David Ullstrom.
6:34 of 1st period - Shot Blocked by Haydn Fleury.
7:10 of 1st period - Wrist shot by Elias Pettersson.
7:10 of 1st period - Shot Misses the Net.
7:12 of 1st period - Wrist shot by Elias Pettersson.
7:12 of 1st period - Shot Misses the Net.
7:14 of 1st period - Wrist shot by Evander Kane.
7:14 of 1st period - Deflect By Ben Smith.
7:14 of 1st period - Stopped by Henrik Lundqvist with a rebound.
7:58 of 1st period - Slapshot by Zach Werenski.
7:58 of 1st period - Stopped by Henrik Lundqvist with a rebound.
8:10 of 1st period - Jon Merrill is hit by Bryan Rust and loses puck.
8:33 of 1st period - Erik Johnson is hit by Aleksander Barkov and loses puck.
8:58 of 1st period - Slapshot by Evander Kane.
8:58 of 1st period - Shot Blocked by Sami Vatanen.
9:12 of 1st period - Snap shot by Eric Staal.
9:12 of 1st period - Stopped by Kristers Gudlevskis without a rebound.
9:13 of 1st period - Bo Horvat wins face-off versus Eric Staal in Maple Leafs zone.
9:24 of 1st period - Wrist shot by Eric Staal.
9:24 of 1st period - Stopped by Kristers Gudlevskis without a rebound.
9:25 of 1st period - Bo Horvat wins face-off versus Eric Staal in Maple Leafs zone.
9:58 of 1st period - Snap shot by Patrik Berglund.
9:58 of 1st period - Goal by Patrik Berglund - Maple Leafs : 0 - Flames : 1.
9:59 of 1st period - Bo Horvat wins face-off versus Tanner Pearson in neutral zone.
10:04 of 1st period - Snap shot by Jason Zucker.
10:04 of 1st period - Shot Misses the Net.
10:54 of 1st period - Wrist shot by Andre Burakovsky.
10:54 of 1st period - Stopped by Henrik Lundqvist without a rebound.
10:55 of 1st period - Eric Staal wins face-off versus Elias Pettersson in Flames zone.
11:03 of 1st period - Minor Penalty to Ben Smith for Hooking.
11:04 of 1st period - Eric Staal wins face-off versus Aleksander Barkov in Maple Leafs zone.
13:03 of 1st period - Penalty to Ben Smith is over, Ben Smith is back on ice.
13:31 of 1st period - Off-side.
13:32 of 1st period - Brad Marchand wins face-off versus Bo Horvat in neutral zone.
14:06 of 1st period - Minor Penalty to Colby Robak for Tripping.
14:07 of 1st period - Patrik Berglund wins face-off versus Bo Horvat in Flames zone.
14:18 of 1st period - Wrist shot by Bo Horvat.
14:18 of 1st period - Goal by Bo Horvat - Maple Leafs : 1 - Flames : 1.
14:19 of 1st period - Elias Pettersson wins face-off versus Eric Staal in neutral zone.
15:12 of 1st period - Off-side.
15:13 of 1st period - Colin Wilson wins face-off versus Bo Horvat in neutral zone.
15:20 of 1st period - Wrist shot by Colin Wilson.
15:20 of 1st period - Stopped by Kristers Gudlevskis without a rebound.
15:21 of 1st period - Eric Staal wins face-off versus Ben Smith in Maple Leafs zone.
15:28 of 1st period - Snap shot by Brad Marchand.
15:28 of 1st period - Stopped by Kristers Gudlevskis without a rebound.
15:29 of 1st period - Eric Staal wins face-off versus Elias Pettersson in Maple Leafs zone.
15:46 of 1st period - Snap shot by Eric Staal.
15:46 of 1st period - Stopped by Kristers Gudlevskis with a rebound.
15:58 of 1st period - Wrist shot by Evander Kane.
15:58 of 1st period - Deflect By Erik Johnson.
15:58 of 1st period - Shot Misses the Net.
15:58 of 1st period - Puck is out of play.
15:59 of 1st period - Patrik Berglund wins face-off versus Aleksander Barkov in Flames zone.
16:11 of 1st period - John Klingberg is hit by Tanner Pearson.
16:13 of 1st period - Snap shot by Aleksander Barkov.
16:13 of 1st period - Shot Misses the Net.
16:15 of 1st period - Slapshot by Brandon Saad.
16:15 of 1st period - Shot Misses the Net.
16:48 of 1st period - Ben Smith is hit by Eric Staal and loses puck.
16:52 of 1st period - Icing by Zach Werenski.
16:53 of 1st period - Eric Staal wins face-off versus Elias Pettersson in Maple Leafs zone.
17:05 of 1st period - Off-side.
17:06 of 1st period - Eric Staal wins face-off versus Bo Horvat in neutral zone.
17:11 of 1st period - Slapshot by Sami Vatanen.
17:11 of 1st period - Deflect By Eric Staal.
17:11 of 1st period - Stopped by Kristers Gudlevskis without a rebound.
17:12 of 1st period - Eric Staal wins face-off versus Jason Zucker in Maple Leafs zone.
17:17 of 1st period - Slapshot by Bryan Rust.
17:17 of 1st period - Stopped by Kristers Gudlevskis with a rebound.
17:19 of 1st period - Slapshot by Sami Vatanen.
17:19 of 1st period - Deflect By John Klingberg.
17:19 of 1st period - Stopped by Kristers Gudlevskis without a rebound.
17:20 of 1st period - Bo Horvat wins face-off versus Eric Staal in Maple Leafs zone.
17:27 of 1st period - Bryan Rust is hit by Andre Burakovsky and loses puck.
17:32 of 1st period - Backhand shot by Zach Werenski.
17:32 of 1st period - Stopped by Henrik Lundqvist without a rebound.
17:33 of 1st period - Brandon Saad wins face-off versus Patrik Berglund in Flames zone.
17:59 of 1st period - Andre Burakovsky is hit by Brad Marchand and loses puck.
18:08 of 1st period - Snap shot by Eric Staal.
18:08 of 1st period - Stopped by Kristers Gudlevskis with a rebound.
18:12 of 1st period - Snap shot by Eric Staal.
18:12 of 1st period - Shot Misses the Net.
18:32 of 1st period - Snap shot by Colin Wilson.
18:32 of 1st period - Stopped by Kristers Gudlevskis without a rebound.
18:33 of 1st period - Eric Staal wins face-off versus Aleksander Barkov in Maple Leafs zone.
18:36 of 1st period - Wrist shot by Brad Marchand.
18:36 of 1st period - Shot Misses the Net.
18:46 of 1st period - Jon Merrill is hit by Bryan Rust and loses puck.
19:01 of 1st period - Jon Merrill is hit by Tanner Pearson and loses puck.
19:53 of 1st period - Slapshot by Bryan Rust.
19:53 of 1st period - Shot Misses the Net.
Goals for this period are 1 for Maple Leafs vs 1 for Flames.
Shots for this period are 9 for Maple Leafs vs 15 for Flames.
2nd period
0:01 of 2nd period - Andre Burakovsky wins face-off versus Patrik Berglund in neutral zone.
0:40 of 2nd period - Snap shot by Eric Staal.
0:40 of 2nd period - Stopped by Kristers Gudlevskis with a rebound.
2:01 of 2nd period - Wrist shot by Aleksander Barkov.
2:01 of 2nd period - Goal by Aleksander Barkov - Maple Leafs : 2 - Flames : 1.
2:02 of 2nd period - Eric Staal wins face-off versus Bo Horvat in neutral zone.
2:05 of 2nd period - Bo Horvat is hit by Bryan Rust and loses puck.
2:21 of 2nd period - Minor Penalty to Brad Marchand for Diving.
2:22 of 2nd period - Patrik Berglund wins face-off versus Bo Horvat in Flames zone.
3:09 of 2nd period - Snap shot by Anders Lee.
3:09 of 2nd period - Deflect By David Ullstrom.
3:09 of 2nd period - Shot Misses the Net.
3:09 of 2nd period - Puck is out of play.
3:10 of 2nd period - Bo Horvat wins face-off versus Anders Lee in Maple Leafs zone.
3:15 of 2nd period - Slapshot by Jason Zucker.
3:15 of 2nd period - Stopped by Henrik Lundqvist with a rebound.
3:27 of 2nd period - Slapshot by Jon Merrill.
3:27 of 2nd period - Shot Misses the Net.
4:21 of 2nd period - Penalty to Brad Marchand is over, Brad Marchand is back on ice.
4:54 of 2nd period - Backhand shot by Aleksander Barkov.
4:54 of 2nd period - Shot Blocked by Erik Johnson.
6:21 of 2nd period - Brenden Dillon is hit by Jake DeBrusk and loses puck.
6:38 of 2nd period - Slapshot by Brad Marchand.
6:38 of 2nd period - Shot Misses the Net.
6:54 of 2nd period - Anders Lee is hit by Zach Werenski.
7:05 of 2nd period - Icing by Colby Robak.
7:06 of 2nd period - Bo Horvat wins face-off versus Anders Lee in Flames zone.
7:07 of 2nd period - Slapshot by Zach Werenski.
7:07 of 2nd period - Deflect By Colby Robak.
7:07 of 2nd period - Stopped by Henrik Lundqvist with a rebound.
7:13 of 2nd period - Wrist shot by David Ullstrom.
7:13 of 2nd period - Stopped by Kristers Gudlevskis without a rebound.
7:14 of 2nd period - Eric Staal wins face-off versus Bo Horvat in Maple Leafs zone.
7:31 of 2nd period - Snap shot by Eric Staal.
7:31 of 2nd period - Stopped by Kristers Gudlevskis without a rebound.
7:32 of 2nd period - Patrik Berglund wins face-off versus Elias Pettersson in Maple Leafs zone.
7:49 of 2nd period - Tanner Pearson is hit by Jon Merrill and loses puck.
9:05 of 2nd period - Slapshot by Jimmy Hayes.
9:05 of 2nd period - Shot Misses the Net.
9:23 of 2nd period - Bo Horvat is hit by Bryan Rust and loses puck.
9:31 of 2nd period - Double Minor Penalty to Bo Horvat for Roughing.
9:32 of 2nd period - Eric Staal wins face-off versus Aleksander Barkov in Maple Leafs zone.
9:36 of 2nd period - Snap shot by Tanner Pearson.
9:36 of 2nd period - Stopped by Kristers Gudlevskis with a rebound.
9:38 of 2nd period - Slapshot by Tanner Pearson.
9:38 of 2nd period - Shot Misses the Net.
9:44 of 2nd period - Wrist shot by Eric Staal.
9:44 of 2nd period - Shot Blocked by Jon Merrill.
9:46 of 2nd period - Slapshot by Sami Vatanen.
9:46 of 2nd period - Shot Blocked by Aleksander Barkov.
9:48 of 2nd period - Slapshot by Sami Vatanen.
9:48 of 2nd period - Stopped by Kristers Gudlevskis with a rebound.
12:14 of 2nd period - Slapshot by Esa Lindell.
12:14 of 2nd period - Shot Misses the Net.
12:16 of 2nd period - Snap shot by Bryan Rust.
12:16 of 2nd period - Shot Blocked by Patrice Cormier.
12:30 of 2nd period - Slapshot by Esa Lindell.
12:30 of 2nd period - Deflect By Bryan Rust.
12:30 of 2nd period - Shot Misses the Net.
12:30 of 2nd period - Puck is out of play.
12:31 of 2nd period - Jimmy Hayes wins face-off versus Aleksander Barkov in Maple Leafs zone.
13:04 of 2nd period - Slapshot by Sami Vatanen.
13:04 of 2nd period - Deflect By Luke Schenn.
13:04 of 2nd period - Stopped by Kristers Gudlevskis without a rebound.
13:05 of 2nd period - Aleksander Barkov wins face-off versus Tanner Pearson in Maple Leafs zone.
13:23 of 2nd period - Jon Merrill is hit by Jimmy Hayes and loses puck.
13:31 of 2nd period - Penalty to Bo Horvat is over, Bo Horvat is back on ice.
13:42 of 2nd period - Wrist shot by Bo Horvat.
13:42 of 2nd period - Shot Misses the Net.
14:20 of 2nd period - Evander Kane is hit by Tanner Pearson.
14:53 of 2nd period - Wrist shot by Anders Lee.
14:53 of 2nd period - Stopped by Kristers Gudlevskis without a rebound.
14:54 of 2nd period - Bo Horvat wins face-off versus Eric Staal in Maple Leafs zone.
15:09 of 2nd period - John Klingberg is hit by Eric Staal and loses puck.
15:20 of 2nd period - Esa Lindell is hit by John Klingberg and loses puck.
15:27 of 2nd period - Snap shot by Tanner Pearson.
15:27 of 2nd period - Stopped by Kristers Gudlevskis without a rebound.
15:28 of 2nd period - Eric Staal wins face-off versus Elias Pettersson in Maple Leafs zone.
15:55 of 2nd period - Sami Vatanen is hit by Zach Werenski and loses puck.
16:06 of 2nd period - Slapshot by Andre Burakovsky.
16:06 of 2nd period - Stopped by Henrik Lundqvist with a rebound.
16:08 of 2nd period - Slapshot by Haydn Fleury.
16:08 of 2nd period - Stopped by Henrik Lundqvist without a rebound.
16:09 of 2nd period - Aleksander Barkov wins face-off versus Eric Staal in Flames zone.
16:12 of 2nd period - Wrist shot by Aleksander Barkov.
16:12 of 2nd period - Stopped by Henrik Lundqvist without a rebound.
16:13 of 2nd period - Aleksander Barkov wins face-off versus Eric Staal in Flames zone.
16:34 of 2nd period - Minor Penalty to Brad Marchand for Roughing.
16:35 of 2nd period - Patrik Berglund wins face-off versus Bo Horvat in Flames zone.
16:44 of 2nd period - Slapshot by John Klingberg.
16:44 of 2nd period - Shot Misses the Net.
16:50 of 2nd period - Slapshot by Jason Zucker.
16:50 of 2nd period - Stopped by Henrik Lundqvist without a rebound.
16:51 of 2nd period - Bo Horvat wins face-off versus Patrik Berglund in Flames zone.
16:58 of 2nd period - Snap shot by Andre Burakovsky.
16:58 of 2nd period - Shot Misses the Net.
17:00 of 2nd period - Slapshot by John Klingberg.
17:00 of 2nd period - Shot Misses the Net.
17:02 of 2nd period - Wrist shot by Bo Horvat.
17:02 of 2nd period - Stopped by Henrik Lundqvist without a rebound.
17:03 of 2nd period - Patrik Berglund wins face-off versus Bo Horvat in Flames zone.
18:34 of 2nd period - Penalty to Brad Marchand is over, Brad Marchand is back on ice.
19:49 of 2nd period - Slapshot by Tye McGinn.
19:49 of 2nd period - Shot Blocked by Sami Vatanen.
19:51 of 2nd period - Slapshot by Haydn Fleury.
19:51 of 2nd period - Shot Blocked by Erik Johnson.
Goals for this period are 1 for Maple Leafs vs 0 for Flames.
Shots for this period are 8 for Maple Leafs vs 8 for Flames.
3rd period
0:01 of 3rd period - Bo Horvat wins face-off versus Eric Staal in neutral zone.
0:12 of 3rd period - Snap shot by Andre Burakovsky.
0:12 of 3rd period - Stopped by Henrik Lundqvist without a rebound.
0:13 of 3rd period - Eric Staal wins face-off versus Jason Zucker in Flames zone.
1:07 of 3rd period - Minor Penalty to Luke Schenn for Hooking.
1:08 of 3rd period - Eric Staal wins face-off versus Aleksander Barkov in Maple Leafs zone.
1:33 of 3rd period - Ben Smith is hit by Jake DeBrusk.
2:09 of 3rd period - Slapshot by Zach Werenski.
2:09 of 3rd period - Shot Blocked by Tanner Pearson.
3:02 of 3rd period - John Klingberg is hit by Jake DeBrusk and loses puck.
3:07 of 3rd period - Penalty to Luke Schenn is over, Luke Schenn is back on ice.
3:13 of 3rd period - Wrist shot by Andre Burakovsky.
3:13 of 3rd period - Stopped by Henrik Lundqvist with a rebound.
3:57 of 3rd period - Off-side.
3:58 of 3rd period - Aleksander Barkov wins face-off versus Anders Lee in neutral zone.
4:01 of 3rd period - Bryan Rust is hit by Brandon Saad.
4:09 of 3rd period - Snap shot by Brad Marchand.
4:09 of 3rd period - Stopped by Kristers Gudlevskis with a rebound.
4:19 of 3rd period - Sami Vatanen is hit by Zach Werenski and loses puck.
4:44 of 3rd period - Wrist shot by Nicholas Baptiste.
4:44 of 3rd period - Shot Hit the Post.
4:46 of 3rd period - Slapshot by Nicholas Baptiste.
4:46 of 3rd period - Stopped by Henrik Lundqvist without a rebound.
4:47 of 3rd period - Eric Staal wins face-off versus Elias Pettersson in Flames zone.
4:54 of 3rd period - Slapshot by John Klingberg.
4:54 of 3rd period - Stopped by Henrik Lundqvist without a rebound.
4:55 of 3rd period - Eric Staal wins face-off versus Elias Pettersson in Flames zone.
5:18 of 3rd period - Wrist shot by Elias Pettersson.
5:18 of 3rd period - Shot Misses the Net.
5:20 of 3rd period - Slapshot by John Klingberg.
5:20 of 3rd period - Deflect By Evander Kane.
5:20 of 3rd period - Shot Blocked by Erik Johnson.
5:20 of 3rd period - Puck is out of play.
5:21 of 3rd period - Patrik Berglund wins face-off versus Bo Horvat in Flames zone.
5:33 of 3rd period - Minor Penalty to Andre Burakovsky for Hooking.
5:34 of 3rd period - Aleksander Barkov wins face-off versus Eric Staal in Maple Leafs zone.
6:31 of 3rd period - Ben Smith is hit by Jake DeBrusk and loses puck.
6:50 of 3rd period - Eric Staal is hit by Luke Schenn and loses puck.
7:33 of 3rd period - Penalty to Andre Burakovsky is over, Andre Burakovsky is back on ice.
9:06 of 3rd period - Snap shot by Elias Pettersson.
9:06 of 3rd period - Stopped by Henrik Lundqvist without a rebound.
9:07 of 3rd period - Aleksander Barkov wins face-off versus Anders Lee in Flames zone.
9:16 of 3rd period - Wrist shot by David Ullstrom.
9:16 of 3rd period - Shot Misses the Net.
9:33 of 3rd period - Colby Robak is hit by Jon Merrill and loses puck.
9:48 of 3rd period - Ben Smith is hit by Brad Marchand and loses puck.
9:59 of 3rd period - Snap shot by Eric Staal.
9:59 of 3rd period - Stopped by Kristers Gudlevskis with a rebound.
10:01 of 3rd period - Wrist shot by Bryan Rust.
10:01 of 3rd period - Shot Misses the Net.
10:08 of 3rd period - Icing by Elias Pettersson.
10:09 of 3rd period - Tanner Pearson wins face-off versus Aleksander Barkov in Maple Leafs zone.
10:16 of 3rd period - Snap shot by Pontus Aberg.
10:16 of 3rd period - Stopped by Henrik Lundqvist without a rebound.
10:17 of 3rd period - Jason Zucker wins face-off versus Eric Staal in Flames zone.
10:28 of 3rd period - Wrist shot by Eric Staal.
10:28 of 3rd period - Stopped by Kristers Gudlevskis with a rebound.
10:30 of 3rd period - Snap shot by Eric Staal.
10:30 of 3rd period - Stopped by Kristers Gudlevskis with a rebound.
10:32 of 3rd period - Snap shot by Eric Staal.
10:32 of 3rd period - Shot Misses the Net.
10:34 of 3rd period - Slapshot by Sami Vatanen.
10:34 of 3rd period - Deflect By Eric Staal.
10:34 of 3rd period - Shot Blocked by Jon Merrill.
10:34 of 3rd period - Puck is out of play.
10:35 of 3rd period - Patrik Berglund wins face-off versus Elias Pettersson in Maple Leafs zone.
10:36 of 3rd period - Slapshot by Jimmy Hayes.
10:36 of 3rd period - Stopped by Kristers Gudlevskis without a rebound.
10:37 of 3rd period - Patrik Berglund wins face-off versus Elias Pettersson in Maple Leafs zone.
10:38 of 3rd period - Snap shot by Tanner Pearson.
10:38 of 3rd period - Shot Misses the Net.
10:40 of 3rd period - Snap shot by Tanner Pearson.
10:40 of 3rd period - Shot Blocked by Zach Werenski.
10:42 of 3rd period - Slapshot by Sami Vatanen.
10:42 of 3rd period - Deflect By Jimmy Hayes.
10:42 of 3rd period - Shot Misses the Net.
10:42 of 3rd period - Puck is out of play.
10:43 of 3rd period - Patrik Berglund wins face-off versus Elias Pettersson in Maple Leafs zone.
10:46 of 3rd period - Backhand shot by Jimmy Hayes.
10:46 of 3rd period - Deflect By Tanner Pearson.
10:46 of 3rd period - Shot Misses the Net.
10:46 of 3rd period - Puck is out of play.
10:47 of 3rd period - Bryan Rust wins face-off versus Bo Horvat in Maple Leafs zone.
11:05 of 3rd period - Minor Penalty to Zach Werenski for Hooking.
11:06 of 3rd period - Aleksander Barkov wins face-off versus Eric Staal in Maple Leafs zone.
11:06 of 3rd period - Aleksander Barkov is hit by Eric Staal.
11:21 of 3rd period - Wrist shot by Eric Staal.
11:21 of 3rd period - Deflect By Jimmy Hayes.
11:21 of 3rd period - Shot Misses the Net.
11:21 of 3rd period - Puck is out of play.
11:22 of 3rd period - Eric Staal wins face-off versus Aleksander Barkov in Maple Leafs zone.
11:42 of 3rd period - Icing by Tanner Pearson.
11:43 of 3rd period - Aleksander Barkov wins face-off versus Eric Staal in Flames zone.
12:13 of 3rd period - Snap shot by Jimmy Hayes.
12:13 of 3rd period - Shot Misses the Net.
12:23 of 3rd period - Esa Lindell is hit by Brenden Dillon and loses puck.
12:42 of 3rd period - Slapshot by Esa Lindell.
12:42 of 3rd period - Shot Misses the Net.
12:44 of 3rd period - Snap shot by Christian Folin.
12:44 of 3rd period - Stopped by Kristers Gudlevskis with a rebound.
12:46 of 3rd period - Slapshot by Esa Lindell.
12:46 of 3rd period - Stopped by Kristers Gudlevskis without a rebound.
12:47 of 3rd period - Aleksander Barkov wins face-off versus Jake DeBrusk in Maple Leafs zone.
13:00 of 3rd period - Snap shot by Jake DeBrusk.
13:00 of 3rd period - Shot Misses the Net.
13:02 of 3rd period - Slapshot by Erik Johnson.
13:02 of 3rd period - Deflect By Jake DeBrusk.
13:02 of 3rd period - Shot Misses the Net.
13:02 of 3rd period - Puck is out of play.
13:03 of 3rd period - Aleksander Barkov wins face-off versus Patrik Berglund in Maple Leafs zone.
13:05 of 3rd period - Penalty to Zach Werenski is over, Zach Werenski is back on ice.
13:15 of 3rd period - Off-side.
13:16 of 3rd period - Eric Staal wins face-off versus Jason Zucker in neutral zone.
13:21 of 3rd period - Snap shot by Eric Staal.
13:21 of 3rd period - Stopped by Kristers Gudlevskis with a rebound.
13:35 of 3rd period - Sami Vatanen is hit by Andre Burakovsky and loses puck.
13:44 of 3rd period - Wrist shot by Jason Zucker.
13:44 of 3rd period - Goal by Jason Zucker - Maple Leafs : 3 - Flames : 1.
13:45 of 3rd period - Eric Staal wins face-off versus Bo Horvat in neutral zone.
14:11 of 3rd period - Zach Werenski is hit by Patrik Berglund and loses puck.
15:09 of 3rd period - Snap shot by Jake DeBrusk.
15:09 of 3rd period - Shot Misses the Net.
15:34 of 3rd period - Wrist shot by Kevin Labanc.
15:34 of 3rd period - Shot Misses the Net.
15:40 of 3rd period - Bryan Rust is hit by Haydn Fleury.
15:44 of 3rd period - Snap shot by Christian Folin.
15:44 of 3rd period - Shot Misses the Net.
16:02 of 3rd period - Backhand shot by Andre Burakovsky.
16:02 of 3rd period - Shot Blocked by Bryan Rust.
16:04 of 3rd period - Snap shot by Jason Zucker.
16:04 of 3rd period - Shot Blocked by Christian Folin.
16:06 of 3rd period - Wrist shot by Jason Zucker.
16:06 of 3rd period - Shot Blocked by Esa Lindell.
16:08 of 3rd period - Snap shot by Jason Zucker.
16:08 of 3rd period - Shot Misses the Net.
16:10 of 3rd period - Snap shot by Jason Zucker.
16:10 of 3rd period - Stopped by Henrik Lundqvist without a rebound.
16:11 of 3rd period - Aleksander Barkov wins face-off versus Patrik Berglund in Flames zone.
16:20 of 3rd period - Slapshot by Sami Vatanen.
16:20 of 3rd period - Shot Blocked by Haydn Fleury.
16:52 of 3rd period - Slapshot by Jason Zucker.
16:52 of 3rd period - Stopped by Henrik Lundqvist with a rebound.
17:10 of 3rd period - Jon Merrill is hit by Jimmy Hayes.
17:20 of 3rd period - Eric Staal is hit by Patrice Cormier and loses puck.
17:56 of 3rd period - Wrist shot by Aleksander Barkov.
17:56 of 3rd period - Stopped by Henrik Lundqvist without a rebound.
17:57 of 3rd period - Bo Horvat wins face-off versus Colin Wilson in Flames zone.
18:32 of 3rd period - Wrist shot by Bryan Rust.
18:32 of 3rd period - Stopped by Kristers Gudlevskis with a rebound.
18:45 of 3rd period - Minor Penalty to David Savard for Holding.
18:46 of 3rd period - Patrik Berglund wins face-off versus Bo Horvat in Flames zone.
18:46 of 3rd period - Patrik Berglund is hit by John Klingberg.
19:12 of 3rd period - Christian Folin is hit by Evander Kane.
19:16 of 3rd period - Zach Werenski is hit by Brad Marchand.
19:24 of 3rd period - Slapshot by Zach Werenski.
19:24 of 3rd period - Stopped by Henrik Lundqvist with a rebound.
Goals for this period are 1 for Maple Leafs vs 0 for Flames.
Shots for this period are 11 for Maple Leafs vs 9 for Flames.